 Dungeon Crawl Stone Soup version 0.18.1-48-g4cf74bf (webtiles) character file.

182 nikopol the Chopper (level 5, 0/47 HPs)
             Began as a Minotaur Berserker on Aug 22, 2016.
             Was a Priest of Trog.
             Slain by Menkaure (22 damage)
             ... on level 4 of the Dungeon.
             The game lasted 00:05:12 (2604 turns).

nikopol the Chopper (Minotaur Berserker)            Turns: 2604, Time: 00:05:12

Health: 0/47       AC:  5    Str: 21    XL:     5   Next: 35%
Magic:  4/4        EV: 12    Int:  4    God:    Trog [***...]
Gold:   145        SH:  0    Dex: 11    Spells: 0 memorised, 4 levels left

rFire  . . .     SeeInvis .     a - +0 hand axe
rCold  . . .     Gourm    .     e - +0 ring mail
rNeg   . . .     Faith    .     (no shield)
rPois  .         Spirit   .     (helmet restricted)
rElec  .         Dismiss  .     (no cloak)
rCorr  .         Reflect  .     (no gloves)
SustAt .         Harm     .     (no boots)
MR     .....                    (no amulet)
Stlth  +.........               (no ring)
                                (no ring)

@: not resistant to hostile enchantments, very unstealthy
A: retaliatory headbutt, horns 2
a: Berserk, Trog's Hand, Burn Spellbooks, Renounce Religion


You were on level 4 of the Dungeon.
You worshipped Trog.
Trog was most pleased with you.
You were not hungry.

You visited 1 branch of the dungeon, and saw 4 of its levels.

You collected 145 gold pieces.

Inventory:

Hand Weapons
 a - a +0 hand axe (weapon)
Missiles
 g - 19 arrows (quivered)
Armour
 b - a +0 animal skin
 e - a +0 ring mail (worn)
Jewellery
 m - an uncursed ring of stealth {unknown}
Scrolls
 f - a scroll of remove curse {unknown}
 i - 2 scrolls of teleportation {unknown}
 l - 5 scrolls of identify {unknown}
 n - a scroll of amnesia {unknown}
 s - a scroll of random uselessness {unknown}
 t - 3 scrolls of recharging {unknown}
 u - a scroll of noise {unknown}
 v - a scroll of immolation {unknown}
 w - a scroll of fear {unknown}
Potions
 j - a potion of haste {unknown}
 k - a potion of mutation {unknown}
 q - a potion of curing {unknown}
 r - a potion of beneficial mutation {unknown}
Comestibles
 c - 5 bread rations
 d - a meat ration
 h - 2 slices of pizza
 o - 3 chunks of flesh
 p - a beef jerky


   Skills:
 + Level 4.6 Fighting
 + Level 4.9 Axes
 + Level 3.7 Armour
 + Level 3.8 Dodging


You had 4 spell levels left.
You didn't know any spells.

Dungeon Overview and Level Annotations

Branches:
Dungeon (4/15)
 Temple: D:4-7

Altars:
Ashenzari
Fedhas
Pakellas
Sif Muna

Annotations:
D:4 Menkaure


Innate Abilities, Weirdness & Mutations

You reflexively headbutt those who attack you in melee.
You have a pair of horns on your head.


Message History

Menkaure is severely damaged.
You hit Menkaure.
You headbutt Menkaure, but do no damage.
Menkaure is severely damaged.
Menkaure hits you!
You hit Menkaure but do no damage.
Menkaure is severely damaged.
Menkaure barely misses you.
You hit Menkaure.
Menkaure is almost destroyed.
Menkaure hits you but does no damage.
You hit Menkaure but do no damage.
Menkaure is almost destroyed.
You hear a zap.
You hear a grinding noise.
Menkaure casts a spell.
Menkaure seems to speed up.
You hit Menkaure.
Menkaure is almost destroyed.
Menkaure hits you!!
You die...

#.. ##..# ...#
#..####...###...#
#...##...###....#
##........##.....#
#................###
##...................
###........##...[#.... .
.........#####....##....
..........# ##.@M......
......#...## ###.......
......##...# .....##
......##...# #..###
......###.†## ..#
......# ##÷.# ...
......## #.÷## ###
.......# ##..#
.......###...##..


You could see Menkaure.

Vanquished Creatures
  Natasha (D:4)
  An iguana (D:4)
  5 adders
  2 worms
  A dart slug (D:1)
  A giant gecko (D:1)
  4 giant cockroaches
  9 goblins
  9 hobgoblins
  14 jackals
  6 kobolds
  9 bats
  6 giant newts
  9 rats
77 creatures vanquished.

Notes
Turn   | Place    | Note
--------------------------------------------------------------
     0 | D:1      | nikopol the Minotaur Berserker began the quest for the Orb.
     0 | D:1      | Reached XP level 1. HP: 19/19 MP: 0/0
   267 | D:1      | Reached XP level 2. HP: 24/27 MP: 1/1
  1110 | D:2      | Reached XP level 3. HP: 21/33 MP: 2/2
  1356 | D:2      | Reached ** piety under Trog
  1669 | D:2      | Found a deep blue altar of Sif Muna.
  1978 | D:2      | Reached XP level 4. HP: 37/40 MP: 3/3
  2234 | D:3      | Found a shattered altar of Ashenzari.
  2300 | D:3      | Reached *** piety under Trog
  2301 | D:3      | Found a blossoming altar of Fedhas.
  2503 | D:4      | Found an oddly glowing altar of Pakellas.
  2559 | D:4      | Reached XP level 5. HP: 45/47 MP: 4/4
  2566 | D:4      | Noticed Natasha
  2573 | D:4      | Killed Natasha
  2592 | D:4      | Noticed Menkaure
  2604 | D:4      | Slain by Menkaure

Skill      XL: |  1  2  3 |
---------------+----------+-----
Fighting       | 4 |  4.6
Axes           | 4 |  4.9
Dodging        | 3 |  3.8
Armour         | 3 |  3.7

Action                   |  1- 3 |  4- 6 || total
-------------------------+-------+-------++-------
Melee: Hand axe          |    86 |    80 ||   166
       Headbutt          |     9 |    20 ||    29
  Eat: Chunk             |     3 |     2 ||     5
Armor: Ring mail         |    39 |    23 ||    62
Dodge: Dodged            |    67 |    45 ||   112
